AoeStats
← -J&R- bandit

Arena

506620121Analyzed
4v4 RM · 17d ago on Sep 14, 2026· 65m 2s· 8 players
Game mode
Random Map
Map size
Large (8 player)
Population
200
Speed
Normal
Resources
Standard
Victory
Conquest
Starting age
Dark Age
Ending age
Imperial Age
RankedLock teamsTeams togetherTeam positionsShared explorationLock speedFull tech treeHidden civsTurbo modeCheats
Victory
Defeat
🇨🇳 Teutons · China
1009
+18
🇨🇳 Franks · China
985
+19
🇨🇳 Portuguese · China
963
+20
🇨🇳 Spanish · China
958
+20
🇨🇳 Turks · China
1092
-22
🇳🇱 Persians · Netherlands
1078
-20
🇺🇾 Poles · Uruguay
1017
-18
🇩🇪 Bohemians · Germany
989
-17
king vitt
0:31 Loom
13:11 Feudal Age
14:27 Wheelbarrow
13:41 Double-Bit Axe
19:46 Castle Age
20:42 Hand Cart
22:01 Bow Saw
23:10 Gold Mining
25:04 Gold Shaft Mining
31:55 Imperial Age
30:19 Town Watch
31:46 Scale Barding Armor
31:52 Forging
31:54 Husbandry
33:08 Chain Barding Armor
32:12 Cavalier
33:22 Stone Mining
34:44 Iron Casting
34:45 Plate Barding Armor
33:37 Paladin
34:59 Chivalry
35:20 Conscription
36:13 Blast Furnace
40:39 Town Patrol
ZHurald ZHurdrada
12:46 Feudal Age
14:40 Double-Bit Axe
14:38 Horse Collar
17:39 Castle Age
19:29 Bow Saw
19:34 Heavy Plow
21:05 Bloodlines
21:31 Fervor
23:23 Fervor
24:42 Loom
25:33 Wheelbarrow
25:43 Wheelbarrow
29:16 Scale Barding Armor
29:22 Forging
31:05 Chain Barding Armor
31:21 Iron Casting
32:05 Town Watch
35:40 Sanctity
35:31 Redemption
35:22 Devotion
37:54 Imperial Age
37:37 Hand Cart
37:14 Gold Mining
37:18 Stone Mining
38:50 Guilds
39:43 Block Printing
39:54 Illumination
40:04 Theocracy
38:54 Pikeman
39:34 Squires
39:37 Scale Mail Armor
40:26 Chain Mail Armor
41:13 Blast Furnace
40:04 Fletching
40:50 Plate Barding Armor
41:19 Chemistry
40:40 Ballistics
39:49 Halberdier
40:34 Arson
40:51 Padded Archer Armor
41:03 Fortified Wall
42:19 Plate Mail Armor
41:59 Bodkin Arrow
42:16 Masonry
43:06 Leather Archer Armor
43:54 Two-Man Saw
44:42 Ironclad
44:43 Conscription
43:44 Elite Teutonic Knight
44:56 Ring Archer Armor
45:04 Stone Shaft Mining
48:17 Crenellations
48:35 Hoardings
48:09 Siege Engineers
48:25 Bombard Tower
53:52 Faith
55:25 Guard Tower
60:40 Crop Rotation
Priedrich
10:38 Feudal Age
15:44 Castle Age
13:31 Double-Bit Axe
17:12 Stone Mining
18:23 Crossbowman
19:45 Fletching
21:10 Bodkin Arrow
35:37 Imperial Age
38:12 Bow Saw
37:47 Horse Collar
38:24 Gold Mining
56:02 Devotion
56:17 Fervor
57:40 Theocracy
57:39 Circumnavigation
61:07 Block Printing
61:40 Pikeman
64:01 Pikeman
卫宫切嗣
0:46 Loom
11:27 Feudal Age
15:38 Castle Age
14:05 Loom
20:34 Double-Bit Axe
23:28 Horse Collar
25:23 Padded Archer Armor
26:27 Fletching
32:23 Elite Skirmisher
38:47 Heavy Plow
39:00 Bow Saw
40:51 Gold Mining
41:46 Wheelbarrow
42:56 Bodkin Arrow
43:16 Leather Archer Armor
43:40 Ballistics
46:37 Imperial Age
44:41 Hand Cart
44:47 Town Watch
53:50 Fervor
54:13 Illumination
56:51 Redemption
58:01 Chemistry
57:56 Theocracy
63:49 Ring Archer Armor
63:19 Bracer
-J&R- bandit
10:28 Feudal Age
14:23 Castle Age
12:30 Double-Bit Axe
12:39 Horse Collar
15:23 Bow Saw
16:26 Heavy Plow
20:41 Loom
21:37 Wheelbarrow
21:28 Town Watch
22:44 Hand Cart
24:50 Gold Mining
24:50 Stone Mining
24:53 Gold Mining
25:31 Scale Barding Armor
27:11 Chain Barding Armor
29:59 Imperial Age
28:34 Stone Shaft Mining
28:35 Gold Shaft Mining
28:39 Masonry
28:40 Devotion
28:53 Forging
28:35 Fletching
30:03 Ballistics
30:22 Iron Casting
30:53 Conscription
29:59 Elite War Elephant
31:02 Bloodlines
30:53 Husbandry
34:05 Light Cavalry
35:56 Plate Barding Armor
35:36 Hussar
43:45 Kamandaran
58:45 Blast Furnace
Maudi
0:37 Loom
11:16 Feudal Age
16:48 Castle Age
14:53 Double-Bit Axe
18:43 Fervor
19:24 Wheelbarrow
20:58 Town Watch
21:49 Horse Collar
23:01 Heavy Plow
26:08 Treadmill Crane
26:46 Fletching
27:22 Fortified Wall
29:16 Bodkin Arrow
28:44 Pikeman
34:29 Squires
38:25 Forging
38:16 Scale Mail Armor
44:20 Imperial Age
44:27 Halberdier
44:52 Arson
45:08 Bracer
45:24 Chain Mail Armor
出兵保護我~
8:23 Loom
10:35 Feudal Age
15:21 Castle Age
13:45 Double-Bit Axe
16:14 Bow Saw
15:50 Horse Collar
16:26 Gold Mining
18:19 Heavy Plow
22:13 Wheelbarrow
27:10 Imperial Age
25:29 Fletching
26:50 Gold Shaft Mining
32:17 Stone Mining
32:47 Padded Archer Armor
34:38 Bodkin Arrow
35:30 Leather Archer Armor
35:56 Ballistics
35:17 Treadmill Crane
39:01 Conscription
39:04 Bracer
40:27 Hand Cart
Oselie
Connection lost

Rejoining the realm…

Still unreachable

The connection could not be restored.

Session expired

The server has moved on; the page needs a fresh start.